 Dungeon Crawl Stone Soup version 0.18.1-50-g88ac8fd (webtiles) character file.

159 HeyBub the Sneak (level 5, -4/35 HPs)
             Began as a High Elf Assassin on Sept 26, 2016.
             Killed from afar by an orc wizard (9 damage)
             ... with a puff of frost
             ... on level 4 of the Dungeon.
             The game lasted 00:09:02 (2998 turns).

HeyBub the Sneak (High Elf Assassin)                Turns: 2998, Time: 00:09:03

Health: -4/35      AC:  5    Str: 10    XL:     5   Next: 17%
Magic:  6/6        EV: 13    Int: 16    God:
Gold:   310        SH:  0    Dex: 16    Spells: 0 memorised, 4 levels left

rFire  . . .     SeeInvis .     a - +2 dagger
rCold  . . .     Gourm    .     h - +0 leather armour
rNeg   . . .     Faith    .     (no shield)
rPois  .         Spirit   .     (helmet restricted)
rElec  .         Dismiss  .     d - +0 cloak
rCorr  .         Reflect  .     (no gloves)
SustAt .         Harm     .     y - +0 pair of boots
MR     .....     Rnd*Tele +     (no amulet)
Stlth  +++.......               A - ring of teleportation (curse)
                                x - ring of teleportation (curse)

@: not resistant to hostile enchantments, fairly stealthy
A: antennae 1, mutation resistance 1
a: no special abilities


You were on level 4 of the Dungeon.
You were not hungry.

You visited 1 branch of the dungeon, and saw 4 of its levels.

You collected 310 gold pieces.

Inventory:

Hand Weapons
 a - a +2 dagger (weapon)
 b - a +0 blowgun
Missiles
 e - 43 poisoned needles
 f - 2 curare-tipped needles
Armour
 c - a +0 robe
 d - a +0 cloak (worn)
 h - a +0 leather armour (worn)
 y - a +0 pair of boots (worn)
Jewellery
 x - a cursed ring of teleportation (left hand)
 A - a cursed ring of teleportation (right hand)
 C - a +4 ring of dexterity {unknown}
Scrolls
 i - 2 scrolls of random uselessness {unknown}
 l - 2 scrolls of identify {unknown}
 m - a scroll of teleportation {unknown}
 n - a scroll of noise {unknown}
 o - 2 scrolls of immolation {unknown}
 u - a scroll of enchant armour {unknown}
 v - a scroll of blinking {unknown}
 w - a scroll of amnesia {unknown}
 z - a scroll of enchant weapon {unknown}
 E - a scroll of remove curse {unknown}
Potions
 j - a potion of magic {unknown}
 k - a potion of agility
 p - a potion of invisibility {unknown}
 q - a potion of heal wounds {unknown}
 r - a potion of cancellation
 s - a potion of haste {unknown}
 D - a potion of brilliance {unknown}
Comestibles
 g - 3 bread rations
 t - a royal jelly
 B - a meat ration


   Skills:
 + Level 2.4 Fighting
 + Level 3.0 Short Blades
 + Level 2.2 Throwing
 + Level 1.9 Armour
 + Level 3.1 Dodging
 + Level 5.2 Stealth


You had 4 spell levels left.
You didn't know any spells.

Dungeon Overview and Level Annotations

Branches:
Dungeon (4/15)
 Temple: D:4-7

Altars:
Okawaru

Annotations:
D:3 tboli's ghost, amateur DsMo


Innate Abilities, Weirdness & Mutations

You have a pair of small antennae on your head.
You are somewhat resistant to further mutation.


Message History

You hit the orc.
The orc is heavily wounded.
You barely miss something. Something hits you but does no damage.
Something hits you. Something hits you but does no damage. Something hits you.
You hit something. Something hits you.
* * * LOW HITPOINT WARNING * * *
It was a potion of cancellation.
You feel magically purged.
It was a potion of mutation.
You feel extremely strange. A pair of antennae grows on your head!
You feel genetically stable. Something hits you.
* * * LOW HITPOINT WARNING * * *
Something hits you.
* * * LOW HITPOINT WARNING * * *
Found a short sword.
You hear some strange, mumbled words.
A puff of frost appears from out of thin air!
The puff of frost hits you!
You die...

.#### #. ... #.. ...
#...... #...#.# .
#...#.# #..
#...#.###.... ..
#....@....).. ##....
#...{........ ......
#.#.#o#.#.### ......
# #.#.#.# # #....
#.#o#.#.### ##....
#####>.........
......
#...........###
###....
###..............
......
####.#..####.#.#.###
##.(..


You could see 2 orcs.

Vanquished Creatures
  2 hounds (D:4)
  A worker ant (D:4)
  2 adders (D:2)
  4 worms
  A giant gecko (D:2)
  2 ball pythons
  6 bats
  2 giant cockroaches (D:1)
  5 goblins
  5 hobgoblins
  3 jackals (D:4)
  A quokka (D:1)
  A giant newt (D:1)
  A jackal skeleton (D:4)
  6 kobolds
  4 rats
46 creatures vanquished.

Notes
Turn   | Place    | Note
--------------------------------------------------------------
     0 | D:1      | HeyBub the High Elf Assassin began the quest for the Orb.
     0 | D:1      | Reached XP level 1. HP: 14/14 MP: 2/2
   205 | D:1      | Reached XP level 2. HP: 16/19 MP: 3/3
  1181 | D:2      | Reached XP level 3. HP: 24/24 MP: 4/4
  1285 | D:2      | Reached skill level 5 in Stealth
  1660 | D:2      | Reached skill level 1 in Armour
  1892 | D:3      | Reached XP level 4. HP: 29/29 MP: 5/5
  1981 | D:3      | Found an iron altar of Okawaru.
  2019 | D:3      | Noticed tboli's ghost (amateur DsMo)
  2802 | D:4      | Reached XP level 5. HP: 35/35 MP: 6/6
  2995 | D:4      | Gained mutation: You have a pair of small antennae on your head. [potion of mutation]
  2995 | D:4      | Gained mutation: You are somewhat resistant to further mutation. [potion of mutation]
  2998 | D:4      | Killed from afar by an orc wizard

Skill      XL: |  1  2  3  4 |
---------------+-------------+-----
Dodging        | 2 3 |  3.1
Stealth        | 5 |  5.2
Armour         | 1 |  1.9
Short Blades   | 3 |  3.0
Fighting       | |  2.4
Throwing       | |  2.2

Action                   |  1- 3 |  4- 6 || total
-------------------------+-------+-------++-------
Melee: Dagger            |   143 |    64 ||   207
  Use: Potion            |       |     4 ||     4
 Stab: Sleeping          |    10 |     3 ||    13
       Distracted        |     1 |       ||     1
  Eat: Pizza             |     1 |       ||     1
       Beef jerky        |     1 |       ||     1
       Meat ration       |       |     1 ||     1
Armor: Leather armour    |    33 |    35 ||    68
Dodge: Dodged            |    91 |    56 ||   147
